Avalanche vs Jets (R1)

Created - 2 décembre 2015 at 23:26

Goals
1 2 3 T
Avalanche 1 3 1 5
Jets 0 2 2 4
Shots
1 2 3 T
Avalanche 8 11 11 30
Jets 13 15 7 35

1st period

1. Avalanche , Mikkel Boedker 11 (Jason Pominville, Bryan Little) at 19:49

Penalties :
Andrew Ladd (Col) for Interference (Minor) at 3:57, Adam Pardy (Win) for Slashing (Minor) at 8:59, Max Pacioretty (Col) for Holding (Minor) at 14:09, Max Pacioretty (Col) for Hooking (Minor) at 16:30

2nd period

2. Jets , Dustin Brown 14 (Anton Volchenkov, Benoit Pouliot) at 1:18
3. Avalanche , Andrew Ladd 7 (Shane O'Brien, Ryan Getzlaf) at 12:22
4. Jets , Blair Betts 4 (Curtis Glencross, Eric Fehr) at 14:39
5. Avalanche , Marc Staal 4 (Michal Handzus, Brandon Yip) at 18:35
6. Avalanche , Ryan Smyth 2 (Corey Perry, Shane O'Brien) at 18:43

Penalties :
Mikko Koivu (Win) for Slashing (Minor) at 5:29, Ryan Smyth (Col) for Interference (Minor) at 14:42, Bryan Little (Col) for Holding (Minor) at 19:12, Andrei Markov (Win) for Hooking (Minor) at 19:20

3rd period

7. Jets , Benoit Pouliot 21 (Derek Roy) at 16:35 (PP)
8. Jets , Darroll Powe 4 (Fredrik Sjostrom, Chris Phillips) at 17:59
9. Avalanche , Ryan Getzlaf 9 (Marc Staal, Andrew Ladd) at 19:17

Penalties :
Mikkel Boedker (Col) for Unsportsmanlike conduct (Major / Game Misconduct) at 6:08, Michal Handzus (Col) for Interference (Minor) at 13:39, Max Pacioretty (Col) for Hooking (Minor) at 16:23

Goalie Stats

Semyon Varlamov (Col), 31 saves from 35 shots - (0,886), W, 4-3-1, 60:00 minutes
Ilya Bryzgalov (Win), 10 saves from 11 shots - (0,909), L, 2-5-2, 21:14 minutes
Maxime Daigneault (Win), 15 saves from 19 shots - (0,789), 38:43 minutes

Players Stats for Avalanche

Player Name              G  A  P  +/- PIM S  H  SB GA TA FO     MP     PP MP  PK MP  
------------------------------------------------------------------------------------
Andrew Ladd              1  1  2   1  2   2  2  0  0  1  0/0    13:48   0:00   4:41 
Brandon Yip              0  1  1   0  0   1  0  0  0  0  1/1    11:30   0:11   0:00 
Bryan Little             0  1  1  -1  2   3  1  0  0  0  4/14   17:02   1:59   2:51 
Chuck Kobasew            0  0  0   2  0   2  0  0  0  1  0/1    15:47   0:03   6:55 
Corey Perry              0  1  1   0  0   3  0  0  1  0  1/1    14:55   2:04   0:00 
Jack Johnson             0  0  0   2  0   0  0  0  3  0  0/0    28:05   2:22   8:08 
Jason Pominville         0  1  1   0  0   0  0  0  0  0  2/5    10:57   1:51   0:00 
Marc Staal               1  1  2   2  0   5  1  0  1  2  0/0    27:31   1:36   8:08 
Max Pacioretty           0  0  0   1  6   0  2  0  0  1  0/0     9:48   0:00   2:01 
Michal Handzus           0  1  1   1  2   0  1  0  0  0  0/3    11:52   0:00   3:52 
Mike Comrie              0  0  0   0  0   2  0  0  0  1  14/26  19:37   0:00   7:15 
Mikkel Boedker           1  0  1   0  15  2  2  0  0  0  0/0    14:18   2:15   2:07 
Pernell Karl Subban      0  0  0  -1  0   1  0  0  0  0  0/0    15:32   1:44   1:19 
Randy Jones              0  0  0   1  0   0  0  0  0  1  0/0    16:46   0:00   6:10 
Ryan Getzlaf             1  1  2   2  0   4  1  0  0  0  4/8     9:21   2:04   0:07 
Ryan Smyth               1  0  1   0  2   2  1  0  0  0  0/0    13:52   1:51   0:39 
Sergei Gonchar           0  0  0  -1  0   1  0  1  0  0  0/0    13:57   2:22   0:56 
Shane O'Brien            0  2  2   1  0   2  0  1  0  0  0/0    18:09   0:08   5:47 

Players Stats for Jets

Player Name              G  A  P  +/- PIM S  H  SB GA TA FO     MP     PP MP  PK MP  
------------------------------------------------------------------------------------
Adam Pardy               0  0  0   0  2   0  1  0  0  0  0/0    12:34   1:01   0:53 
Andrei Markov            0  0  0  -1  2   2  2  0  0  1  0/0    21:57   7:49   1:43 
Anton Volchenkov         0  1  1  -1  0   6  0  0  0  0  0/0    26:59   6:23   2:15 
Benoit Pouliot           1  1  2   0  0   8  1  0  2  0  1/1    22:41   7:11   1:33 
Blair Betts              1  0  1   1  0   3  0  0  0  0  2/3     8:01   0:46   0:28 
Chris Phillips           0  1  1   0  0   0  3  0  1  0  0/0    17:52   6:23   1:06 
Curtis Glencross         0  1  1   1  0   2  0  0  0  0  0/0     8:04   1:23   0:04 
Darroll Powe             1  0  1  -1  0   2  1  0  0  0  7/9    11:32   0:00   2:06 
Derek Roy                0  1  1   0  0   0  1  0  0  0  18/34  21:17   7:11   0:30 
Dmitri Kalinin           0  0  0  -1  0   3  2  3  1  3  0/0    29:31   7:50   2:15 
Dustin Brown             1  0  1   0  0   2  1  1  0  0  0/0    19:49   7:11   0:00 
Eric Fehr                0  1  1   1  0   2  1  0  0  0  0/0     9:53   1:30   0:08 
Fredrik Sjostrom         0  1  1  -1  0   0  2  0  0  0  0/1    10:47   0:09   1:10 
Jarome Iginla            0  0  0  -2  0   2  4  3  1  0  0/0    18:53   6:26   2:13 
Jussi Jokinen            0  0  0  -2  0   0  0  1  1  0  1/3    15:21   6:31   0:00 
Marco Scandella          0  0  0  -1  0   0  1  0  1  1  0/0    12:25   1:01   0:00 
Mikko Koivu              0  0  0  -2  2   1  1  0  0  0  4/8    16:05   6:31   0:00 
Tomas Kopecky            0  0  0  -1  0   2  0  1  0  0  0/0    10:19   0:53   0:00 

3 Stars

1 - Ryan Getzlaf (Col)
2 - Marc Staal (Col)
3 - Benoit Pouliot (Win)

Power Play

Avalanche - 0 on 3 Attempt(s) - 0,00%
Jets - 1 on 8 Attempt(s) - 12,50%

Penalty Kill

Avalanche - 7 on 8 Attempt(s) - 87,50% - Score 0 goal in Penalty Kill
Jets - 3 on 3 Attempt(s) - 100,00% - Score 0 goal in Penalty Kill

Team Stat

Avalanche - Hits : 11 - Faceoff Wins : 26 - Blocked Shots : 2 - Penalty Minutes : 29
Jets - Hits : 21 - Faceoff Wins : 33 - Blocked Shots : 9 - Penalty Minutes : 6

Official

Referees : Furlatt Eric and Morton Dean
Linesman : Dan Schachte and Jay Sharrers

Game Notes

Ilya Bryzgalov enters game at 18:43 of 2nd period
Jason Pominville is injured at 5:32 of 3rd period (Left Leg)
Mikkel Boedker ejected from game at 6:08 of 3rd period
Mikkel Boedker from Avalanche is suspended for 1 game(s)

Finance

Level 1 -- Attendance: 6000 (100,00%) -- Ticket Income 450 000 $
Level 2 -- Attendance: 4777 (95,54%) -- Ticket Income 238 850 $
Level 3 -- Attendance: 2000 (100,00%) -- Ticket Income 50 000 $
Level 4 -- Attendance: 4000 (100,00%) -- Ticket Income 72 000 $
Luxury Box -- Attendance: 908 (90,80%) -- Ticket Income 145 280 $
Game was played at the MTS Center'
Total Attendance: 17685 (98,25%)
Total Ticket Income: 956 130 $
Other Income: 143 420 $
Total Income: 1 099 550 $

Avalanche

5 vs 5 Forward 
   Center                   Left Wing                Right Wing               Time % Phy DF OF 
 1 Mike Comrie              Ryan Smyth               Corey Perry              35     1   2  2  
 2 Bryan Little             Mikkel Boedker           Jason Pominville         30     1   2  2  
 3 Ryan Getzlaf             Andrew Ladd              Chuck Kobasew            20     1   2  2  
 4 Michal Handzus           Max Pacioretty           Brandon Yip              15     1   2  2  

5 vs 5 Defense 
   Defense                  Defense                                           Time % Phy DF OF 
 1 Marc Staal               Jack Johnson                                      40     1   2  2  
 2 Sergei Gonchar           Pernell Karl Subban                               30     1   2  2  
 3 Randy Jones              Shane O'Brien                                     30     1   2  2  
 4 Marc Staal               Jack Johnson                                      0      1   2  2  

PowerPlay Forward 
   Center                   Left Wing                Right Wing               Time % Phy DF OF 
 1 Ryan Getzlaf             Mikkel Boedker           Corey Perry              60     1   2  2  
 2 Bryan Little             Ryan Smyth               Jason Pominville         40     1   2  2  

PowerPlay Defense
   Defense                  Defense                                           Time % Phy DF OF 
 1 Sergei Gonchar           Jack Johnson                                      60     1   2  2  
 2 Marc Staal               Pernell Karl Subban                               40     1   2  2  

Penalty Kill 4 Players Forward 
   Center                   Wing                     Time % Phy DF OF 
 1 Mike Comrie              Chuck Kobasew            60     1   2  2  
 2 Michal Handzus           Andrew Ladd              40     1   2  2  

Penalty Kill 4 Players Defense
   Defense                  Defense                  Time % Phy DF OF 
 1 Marc Staal               Jack Johnson             60     1   2  2  
 2 Shane O'Brien            Randy Jones              40     1   2  2  

Penalty Kill - 3 Players Forward 
   Forward                                           Time % Phy DF OF 
 1 Jason Pominville                                  60     1   2  2  
 2 Corey Perry                                       40     1   2  2  

Penalty Kill - 3 Players Defense
   Defense                  Defense                  Time % Phy DF OF 
 1 Marc Staal               Jack Johnson             60     1   2  2  
 2 Shane O'Brien            Pernell Karl Subban      40     1   2  2  

4 vs 4 Forward 
   Center                   Wing                     Time % Phy DF OF 
 1 Jason Pominville         Corey Perry              60     1   2  2  
 2 Michal Handzus           Mike Comrie              40     1   2  2  

4 vs 4 Defense
   Defense                  Defense                  Time % Phy DF OF 
 1 Marc Staal               Jack Johnson             60     1   2  2  
 2 Shane O'Brien            Pernell Karl Subban      40     1   2  2  

Last Minutes Offensive
   Center                   Left Wing                Right Wing               Defense                  Defense                  
   Ryan Getzlaf             Mikkel Boedker           Corey Perry              Marc Staal               Jack Johnson             

Last Minutes Defensive
   Center                   Left Wing                Right Wing               Defense                  Defense                  
   Mike Comrie              Andrew Ladd              Jason Pominville         Marc Staal               Jack Johnson             

Goaltenders
Starting : Semyon Varlamov          
Backup : Jimmy Howard             

Extra Forwards
Normal : Bryan Little, Brandon Yip, Mikkel Boedker - PP : Bryan Little, Brandon Yip - PK : Mikkel Boedker
Extra Defensemen
Normal : Pernell Karl Subban, Sergei Gonchar, Shane O'Brien - PP : Pernell Karl Subban - PK : Pernell Karl Subban, Shane O'Brien
Penalty Shots
Mikkel Boedker, Corey Perry, Ryan Smyth, Michal Handzus, Bryan Little

Jets

5 vs 5 Forward 
   Center                   Left Wing                Right Wing               Time % Phy DF OF 
 1 Derek Roy                Benoit Pouliot           Dustin Brown             40     0   2  3  
 2 Mikko Koivu              Jussi Jokinen            Jarome Iginla            30     0   2  3  
 3 Darroll Powe             Fredrik Sjostrom         Tomas Kopecky            20     1   2  2  
 4 Blair Betts              Curtis Glencross         Eric Fehr                10     1   2  2  

5 vs 5 Defense 
   Defense                  Defense                                           Time % Phy DF OF 
 1 Dmitri Kalinin           Anton Volchenkov                                  40     0   2  3  
 2 Andrei Markov            Marco Scandella                                   30     1   2  2  
 3 Adam Pardy               Chris Phillips                                    20     1   2  2  
 4 Dmitri Kalinin           Anton Volchenkov                                  10     1   2  2  

PowerPlay Forward 
   Center                   Left Wing                Right Wing               Time % Phy DF OF 
 1 Derek Roy                Benoit Pouliot           Dustin Brown             60     0   0  5  
 2 Mikko Koivu              Jussi Jokinen            Jarome Iginla            40     0   0  5  

PowerPlay Defense
   Defense                  Defense                                           Time % Phy DF OF 
 1 Dmitri Kalinin           Andrei Markov                                     60     0   1  4  
 2 Anton Volchenkov         Chris Phillips                                    40     0   1  4  

Penalty Kill 4 Players Forward 
   Center                   Wing                     Time % Phy DF OF 
 1 Darroll Powe             Jarome Iginla            60     1   3  1  
 2 Derek Roy                Jarome Iginla            40     1   3  1  

Penalty Kill 4 Players Defense
   Defense                  Defense                  Time % Phy DF OF 
 1 Dmitri Kalinin           Anton Volchenkov         60     1   3  1  
 2 Adam Pardy               Andrei Markov            40     1   3  1  

Penalty Kill - 3 Players Forward 
   Forward                                           Time % Phy DF OF 
 1 Jarome Iginla                                     60     1   3  1  
 2 Darroll Powe                                      40     1   3  1  

Penalty Kill - 3 Players Defense
   Defense                  Defense                  Time % Phy DF OF 
 1 Dmitri Kalinin           Anton Volchenkov         60     1   4  0  
 2 Adam Pardy               Andrei Markov            40     1   4  0  

4 vs 4 Forward 
   Center                   Wing                     Time % Phy DF OF 
 1 Derek Roy                Benoit Pouliot           60     1   2  2  
 2 Mikko Koivu              Dustin Brown             40     1   2  2  

4 vs 4 Defense
   Defense                  Defense                  Time % Phy DF OF 
 1 Dmitri Kalinin           Anton Volchenkov         60     1   2  2  
 2 Chris Phillips           Andrei Markov            40     1   2  2  

Last Minutes Offensive
   Center                   Left Wing                Right Wing               Defense                  Defense                  
   Derek Roy                Benoit Pouliot           Dustin Brown             Dmitri Kalinin           Anton Volchenkov         

Last Minutes Defensive
   Center                   Left Wing                Right Wing               Defense                  Defense                  
   Darroll Powe             Jussi Jokinen            Jarome Iginla            Dmitri Kalinin           Anton Volchenkov         

Goaltenders
Starting : Maxime Daigneault        
Backup : Ilya Bryzgalov           

Extra Forwards
Normal : Jarome Iginla, Eric Fehr, Fredrik Sjostrom - PP : Derek Roy, Eric Fehr - PK : Fredrik Sjostrom
Extra Defensemen
Normal : Dmitri Kalinin, Anton Volchenkov, Chris Phillips - PP : Anton Volchenkov - PK : Dmitri Kalinin, Chris Phillips
Penalty Shots
Benoit Pouliot, Derek Roy, Jarome Iginla, Mikko Koivu, Jussi Jokinen

% Time on Ice - Avalanche

Lines # - Real PCT - Wanted PCT - Time Play
Normal Forward
1 - 34% - 35% - 13:05
2 - 30% - 30% - 11:34
3 - 19% - 20% - 7:20
4 - 16% - 15% - 6:08
Normal Defense
1 - 41% - 40% - 15:38
2 - 34% - 30% - 12:51
3 - 25% - 30% - 9:38
4 - 0% - 0% - 0:00
PP Forward
1 - 55% - 60% - 2:15
2 - 45% - 40% - 1:51
PP Defense
1 - 58% - 60% - 2:22
2 - 42% - 40% - 1:44
PK Forward
1 - 72% - 60% - 10:56
2 - 28% - 40% - 4:18
PK Defense
1 - 62% - 60% - 9:27
2 - 38% - 40% - 5:47
PK3 Forward
1 - 0% - 60%
2 - 0% - 40%
PK3 Defense
1 - 0% - 60%
2 - 0% - 40%
44 Forward
1 - 83% - 60% - 1:32
2 - 17% - 40% - 0:19
44 Defense
1 - 82% - 60% - 1:31
2 - 18% - 40% - 0:20
Last Minute Offensive  - 0:00
Last Minute Defensive  - 0:42
Total
Forward - 60:00
Defense - 60:00

% Time on Ice - Jets

Lines # - Real PCT - Wanted PCT - Time Play
Normal Forward
1 - 35% - 40% - 13:25
2 - 23% - 30% - 8:50
3 - 25% - 20% - 9:26
4 - 17% - 10% - 6:26
Normal Defense
1 - 46% - 40% - 17:29
2 - 32% - 30% - 12:07
3 - 21% - 20% - 8:05
4 - 1% - 10% - 0:26
PP Forward
1 - 56% - 60% - 8:34
2 - 44% - 40% - 6:40
PP Defense
1 - 55% - 60% - 8:24
2 - 45% - 40% - 6:50
PK Forward
1 - 88% - 60% - 3:36
2 - 12% - 40% - 0:30
PK Defense
1 - 55% - 60% - 2:15
2 - 45% - 40% - 1:51
PK3 Forward
1 - 0% - 60%
2 - 0% - 40%
PK3 Defense
1 - 0% - 60%
2 - 0% - 40%
44 Forward
1 - 80% - 60% - 1:29
2 - 20% - 40% - 0:22
44 Defense
1 - 61% - 60% - 1:08
2 - 39% - 40% - 0:43
Last Minute Offensive  - 0:42
Last Minute Defensive  - 0:00
Total
Forward - 60:00
Defense - 60:00

Play by Play

1st period


0:01 of 1st period - Derek Roy wins face-off versus Mike Comrie in neutral zone.
0:04 of 1st period - Ryan Smyth is hit by Benoit Pouliot and loses puck.
0:11 of 1st period - Snap shot by Corey Perry.
0:11 of 1st period - Stopped by Maxime Daigneault with a rebound.
0:13 of 1st period - Wrist shot by Ryan Smyth.
0:13 of 1st period - Stopped by Maxime Daigneault with a rebound.
0:15 of 1st period - Slapshot by Marc Staal.
0:15 of 1st period - Stopped by Maxime Daigneault with a rebound.
0:27 of 1st period - Marc Staal is hit by Jarome Iginla and loses puck.
1:06 of 1st period - Michal Handzus is hit by Andrei Markov and loses puck.
1:29 of 1st period - Wrist shot by Derek Roy.
1:29 of 1st period - Deflect By Benoit Pouliot.
1:29 of 1st period - Shot Misses the Net.
1:29 of 1st period - Puck is out of play.
1:30 of 1st period - Derek Roy wins face-off versus Bryan Little in Avalanche zone.
1:49 of 1st period - Wrist shot by Benoit Pouliot.
1:49 of 1st period - Stopped by Semyon Varlamov without a rebound.
1:50 of 1st period - Mike Comrie wins face-off versus Mikko Koivu in Avalanche zone.
2:01 of 1st period - Snap shot by Ryan Smyth.
2:01 of 1st period - Shot Blocked by Jarome Iginla.
3:12 of 1st period - Icing by Pernell Karl Subban.
3:13 of 1st period - Bryan Little wins face-off versus Jussi Jokinen in Avalanche zone.
3:13 of 1st period - Bryan Little is hit by Adam Pardy.
3:27 of 1st period - Snap shot by Jussi Jokinen.
3:27 of 1st period - Shot Misses the Net.
3:29 of 1st period - Snap shot by Jarome Iginla.
3:29 of 1st period - Shot Hit the Post.
3:36 of 1st period - Icing by Sergei Gonchar.
3:37 of 1st period - Derek Roy wins face-off versus Mike Comrie in Avalanche zone.
3:42 of 1st period - Snap shot by Benoit Pouliot.
3:42 of 1st period - Shot Blocked by Sergei Gonchar.
3:52 of 1st period - Snap shot by Benoit Pouliot.
3:52 of 1st period - Stopped by Semyon Varlamov without a rebound.
3:53 of 1st period - Mikko Koivu wins face-off versus Ryan Getzlaf in Avalanche zone.
3:57 of 1st period - Minor Penalty to Andrew Ladd for Interference.
3:58 of 1st period - Derek Roy wins face-off versus Chuck Kobasew in Avalanche zone.
4:00 of 1st period - Slapshot by Dustin Brown.
4:00 of 1st period - Shot Misses the Net.
5:57 of 1st period - Penalty to Andrew Ladd is over, Andrew Ladd is back on ice.
6:31 of 1st period - Wrist shot by Tomas Kopecky.
6:31 of 1st period - Stopped by Semyon Varlamov without a rebound.
6:32 of 1st period - Darroll Powe wins face-off versus Michal Handzus in Avalanche zone.
6:55 of 1st period - Anton Volchenkov is hit by Mikkel Boedker and loses puck.
7:26 of 1st period - Slapshot by Corey Perry.
7:26 of 1st period - Stopped by Maxime Daigneault without a rebound.
7:27 of 1st period - Ryan Getzlaf wins face-off versus Derek Roy in Jets zone.
8:40 of 1st period - Backhand shot by Chris Phillips.
8:40 of 1st period - Shot Misses the Net.
8:59 of 1st period - Minor Penalty to Adam Pardy for Slashing.
9:00 of 1st period - Darroll Powe wins face-off versus Ryan Getzlaf in Jets zone.
9:34 of 1st period - Off-side.
9:35 of 1st period - Darroll Powe wins face-off versus Bryan Little in neutral zone.
10:59 of 1st period - Penalty to Adam Pardy is over, Adam Pardy is back on ice.
11:05 of 1st period - Off-side.
11:06 of 1st period - Blair Betts wins face-off versus Michal Handzus in neutral zone.
11:09 of 1st period - Randy Jones is hit by Eric Fehr and loses puck.
12:20 of 1st period - Snap shot by Tomas Kopecky.
12:20 of 1st period - Stopped by Semyon Varlamov without a rebound.
12:21 of 1st period - Mikko Koivu wins face-off versus Mike Comrie in Avalanche zone.
12:22 of 1st period - Snap shot by Jarome Iginla.
12:22 of 1st period - Shot Misses the Net.
12:24 of 1st period - Backhand shot by Anton Volchenkov.
12:24 of 1st period - Stopped by Semyon Varlamov with a rebound.
12:36 of 1st period - Wrist shot by Jarome Iginla.
12:36 of 1st period - Stopped by Semyon Varlamov without a rebound.
12:37 of 1st period - Derek Roy wins face-off versus Bryan Little in Avalanche zone.
13:11 of 1st period - Slapshot by Mike Comrie.
13:11 of 1st period - Stopped by Maxime Daigneault with a rebound.
13:27 of 1st period - Marco Scandella is hit by Andrew Ladd and loses puck.
13:32 of 1st period - Slapshot by Chuck Kobasew.
13:32 of 1st period - Stopped by Maxime Daigneault with a rebound.
13:54 of 1st period - Slapshot by Andrei Markov.
13:54 of 1st period - Deflect By Curtis Glencross.
13:54 of 1st period - Stopped by Semyon Varlamov with a rebound.
14:09 of 1st period - Minor Penalty to Max Pacioretty for Holding.
14:10 of 1st period - Mike Comrie wins face-off versus Derek Roy in Avalanche zone.
15:56 of 1st period - Mike Comrie is hit by Mikko Koivu and loses puck.
16:09 of 1st period - Penalty to Max Pacioretty is over, Max Pacioretty is back on ice.
16:13 of 1st period - Dustin Brown is hit by Michal Handzus and loses puck.
16:28 of 1st period - Slapshot by Dmitri Kalinin.
16:28 of 1st period - Stopped by Semyon Varlamov with a rebound.
16:30 of 1st period - Minor Penalty to Max Pacioretty for Hooking.
16:31 of 1st period - Derek Roy wins face-off versus Mike Comrie in Avalanche zone.
18:30 of 1st period - Penalty to Max Pacioretty is over, Max Pacioretty is back on ice.
18:45 of 1st period - Snap shot by Jason Pominville.
18:45 of 1st period - Deflect By Mikkel Boedker.
18:45 of 1st period - Shot Misses the Net.
18:45 of 1st period - Puck is out of play.
18:46 of 1st period - Darroll Powe wins face-off versus Bryan Little in Jets zone.
18:57 of 1st period - Marc Staal is hit by Marco Scandella.
19:17 of 1st period - Wrist shot by Ryan Getzlaf.
19:17 of 1st period - Stopped by Maxime Daigneault without a rebound.
19:18 of 1st period - Mike Comrie wins face-off versus Derek Roy in Jets zone.
19:25 of 1st period - Slapshot by Dmitri Kalinin.
19:25 of 1st period - Stopped by Semyon Varlamov with a rebound.
19:27 of 1st period - Slapshot by Anton Volchenkov.
19:27 of 1st period - Stopped by Semyon Varlamov with a rebound.
19:29 of 1st period - Snap shot by Anton Volchenkov.
19:29 of 1st period - Stopped by Semyon Varlamov with a rebound.
19:31 of 1st period - Slapshot by Anton Volchenkov.
19:31 of 1st period - Deflect By Mike Comrie.
19:31 of 1st period - Stopped by Semyon Varlamov with a rebound.
19:33 of 1st period - Snap shot by Benoit Pouliot.
19:33 of 1st period - Stopped by Semyon Varlamov without a rebound.
19:34 of 1st period - Jussi Jokinen wins face-off versus Bryan Little in Avalanche zone.
19:49 of 1st period - Snap shot by Mikkel Boedker.
19:49 of 1st period - Goal by Mikkel Boedker - Avalanche : 1 - Jets : 0.
19:50 of 1st period - Mike Comrie wins face-off versus Derek Roy in neutral zone.
Goals for this period are 1 for Avalanche vs 0 for Jets.
Shots for this period are 8 for Avalanche vs 13 for Jets.

2nd period


0:01 of 2nd period - Derek Roy wins face-off versus Mike Comrie in neutral zone.
0:07 of 2nd period - Off-side.
0:08 of 2nd period - Derek Roy wins face-off versus Mike Comrie in neutral zone.
0:48 of 2nd period - Icing by Benoit Pouliot.
0:49 of 2nd period - Derek Roy wins face-off versus Bryan Little in Jets zone.
1:10 of 2nd period - Wrist shot by Benoit Pouliot.
1:10 of 2nd period - Shot Misses the Net.
1:12 of 2nd period - Snap shot by Dustin Brown.
1:12 of 2nd period - Stopped by Semyon Varlamov with a rebound.
1:14 of 2nd period - Slapshot by Anton Volchenkov.
1:14 of 2nd period - Stopped by Semyon Varlamov with a rebound.
1:16 of 2nd period - Snap shot by Benoit Pouliot.
1:16 of 2nd period - Stopped by Semyon Varlamov with a rebound.
1:18 of 2nd period - Slapshot by Anton Volchenkov.
1:18 of 2nd period - Deflect By Dustin Brown.
1:18 of 2nd period - Goal by Dustin Brown - Avalanche : 1 - Jets : 1.
1:19 of 2nd period - Mikko Koivu wins face-off versus Mike Comrie in neutral zone.
1:24 of 2nd period - Slapshot by Andrei Markov.
1:24 of 2nd period - Stopped by Semyon Varlamov without a rebound.
1:25 of 2nd period - Mike Comrie wins face-off versus Mikko Koivu in Avalanche zone.
1:54 of 2nd period - Snap shot by Mikko Koivu.
1:54 of 2nd period - Shot Misses the Net.
2:10 of 2nd period - Wrist shot by Jussi Jokinen.
2:10 of 2nd period - Deflect By Jarome Iginla.
2:10 of 2nd period - Stopped by Semyon Varlamov without a rebound.
2:11 of 2nd period - Derek Roy wins face-off versus Bryan Little in Avalanche zone.
4:07 of 2nd period - Slapshot by Darroll Powe.
4:07 of 2nd period - Stopped by Semyon Varlamov with a rebound.
5:00 of 2nd period - Wrist shot by Andrew Ladd.
5:00 of 2nd period - Shot Misses the Net.
5:02 of 2nd period - Snap shot by Andrew Ladd.
5:02 of 2nd period - Shot Blocked by Jarome Iginla.
5:04 of 2nd period - Snap shot by Chuck Kobasew.
5:04 of 2nd period - Deflect By Andrew Ladd.
5:04 of 2nd period - Stopped by Maxime Daigneault without a rebound.
5:05 of 2nd period - Jason Pominville wins face-off versus Derek Roy in Jets zone.
5:12 of 2nd period - Snap shot by Bryan Little.
5:12 of 2nd period - Shot Blocked by Dustin Brown.
5:14 of 2nd period - Snap shot by Mikkel Boedker.
5:14 of 2nd period - Shot Misses the Net.
5:16 of 2nd period - Slapshot by Shane O'Brien.
5:16 of 2nd period - Stopped by Maxime Daigneault with a rebound.
5:18 of 2nd period - Wrist shot by Jason Pominville.
5:18 of 2nd period - Shot Blocked by Dmitri Kalinin.
5:20 of 2nd period - Snap shot by Shane O'Brien.
5:20 of 2nd period - Shot Misses the Net.
5:22 of 2nd period - Snap shot by Bryan Little.
5:22 of 2nd period - Deflect By Mikkel Boedker.
5:22 of 2nd period - Shot Misses the Net.
5:22 of 2nd period - Puck is out of play.
5:23 of 2nd period - Corey Perry wins face-off versus Mikko Koivu in Jets zone.
5:29 of 2nd period - Minor Penalty to Mikko Koivu for Slashing.
5:30 of 2nd period - Ryan Getzlaf wins face-off versus Darroll Powe in Jets zone.
7:29 of 2nd period - Penalty to Mikko Koivu is over, Mikko Koivu is back on ice.
7:46 of 2nd period - Benoit Pouliot is hit by Max Pacioretty and loses puck.
7:59 of 2nd period - Andrew Ladd is hit by Chris Phillips and loses puck.
9:27 of 2nd period - Jack Johnson is hit by Darroll Powe.
9:37 of 2nd period - Marc Staal is hit by Jarome Iginla and loses puck.
9:54 of 2nd period - Derek Roy is hit by Ryan Getzlaf and loses puck.
10:05 of 2nd period - Dustin Brown is hit by Max Pacioretty.
10:41 of 2nd period - Snap shot by Michal Handzus.
10:41 of 2nd period - Shot Blocked by Jussi Jokinen.
10:43 of 2nd period - Wrist shot by Michal Handzus.
10:43 of 2nd period - Shot Misses the Net.
10:45 of 2nd period - Snap shot by Max Pacioretty.
10:45 of 2nd period - Shot Misses the Net.
11:14 of 2nd period - Wrist shot by Bryan Little.
11:14 of 2nd period - Stopped by Maxime Daigneault without a rebound.
11:15 of 2nd period - Blair Betts wins face-off versus Bryan Little in Jets zone.
11:24 of 2nd period - Snap shot by Eric Fehr.
11:24 of 2nd period - Deflect By Blair Betts.
11:24 of 2nd period - Stopped by Semyon Varlamov without a rebound.
11:25 of 2nd period - Derek Roy wins face-off versus Bryan Little in Avalanche zone.
11:30 of 2nd period - Wrist shot by Derek Roy.
11:30 of 2nd period - Shot Misses the Net.
11:52 of 2nd period - Wrist shot by Corey Perry.
11:52 of 2nd period - Stopped by Maxime Daigneault with a rebound.
11:58 of 2nd period - Snap shot by Mikko Koivu.
11:58 of 2nd period - Shot Misses the Net.
12:00 of 2nd period - Wrist shot by Mikko Koivu.
12:00 of 2nd period - Shot Misses the Net.
12:02 of 2nd period - Snap shot by Dmitri Kalinin.
12:02 of 2nd period - Stopped by Semyon Varlamov with a rebound.
12:16 of 2nd period - Wrist shot by Ryan Getzlaf.
12:16 of 2nd period - Shot Misses the Net.
12:22 of 2nd period - Wrist shot by Andrew Ladd.
12:22 of 2nd period - Goal by Andrew Ladd - Avalanche : 2 - Jets : 1.
12:23 of 2nd period - Mike Comrie wins face-off versus Derek Roy in neutral zone.
12:52 of 2nd period - Icing by Dmitri Kalinin.
12:53 of 2nd period - Bryan Little wins face-off versus Mikko Koivu in Jets zone.
13:02 of 2nd period - Snap shot by Bryan Little.
13:02 of 2nd period - Stopped by Maxime Daigneault with a rebound.
13:04 of 2nd period - Slapshot by Shane O'Brien.
13:04 of 2nd period - Stopped by Maxime Daigneault without a rebound.
13:05 of 2nd period - Derek Roy wins face-off versus Mike Comrie in Jets zone.
14:35 of 2nd period - Snap shot by Curtis Glencross.
14:35 of 2nd period - Stopped by Semyon Varlamov with a rebound.
14:37 of 2nd period - Slapshot by Blair Betts.
14:37 of 2nd period - Stopped by Semyon Varlamov with a rebound.
14:39 of 2nd period - Slapshot by Blair Betts.
14:39 of 2nd period - Goal by Blair Betts - Avalanche : 2 - Jets : 2.
14:40 of 2nd period - Mike Comrie wins face-off versus Derek Roy in neutral zone.
14:42 of 2nd period - Minor Penalty to Ryan Smyth for Interference.
14:43 of 2nd period - Mike Comrie wins face-off versus Derek Roy in Avalanche zone.
16:02 of 2nd period - Derek Roy is hit by Mikkel Boedker and loses puck.
16:42 of 2nd period - Penalty to Ryan Smyth is over, Ryan Smyth is back on ice.
16:51 of 2nd period - Snap shot by Max Pacioretty.
16:51 of 2nd period - Shot Misses the Net.
16:53 of 2nd period - Slapshot by Sergei Gonchar.
16:53 of 2nd period - Stopped by Maxime Daigneault without a rebound.
16:54 of 2nd period - Darroll Powe wins face-off versus Michal Handzus in Jets zone.
18:02 of 2nd period - Marc Staal is hit by Fredrik Sjostrom and loses puck.
18:29 of 2nd period - Wrist shot by Brandon Yip.
18:29 of 2nd period - Shot Misses the Net.
18:31 of 2nd period - Slapshot by Jack Johnson.
18:31 of 2nd period - Deflect By Brandon Yip.
18:31 of 2nd period - Stopped by Maxime Daigneault with a rebound.
18:33 of 2nd period - Wrist shot by Michal Handzus.
18:33 of 2nd period - Shot Misses the Net.
18:35 of 2nd period - Slapshot by Marc Staal.
18:35 of 2nd period - Deflect By Andrei Markov.
18:35 of 2nd period - Goal by Marc Staal - Avalanche : 3 - Jets : 2.
18:36 of 2nd period - Mike Comrie wins face-off versus Derek Roy in neutral zone.
18:43 of 2nd period - Backhand shot by Corey Perry.
18:43 of 2nd period - Deflect By Ryan Smyth.
18:43 of 2nd period - Goal by Ryan Smyth - Avalanche : 4 - Jets : 2.
18:43 of 2nd period - Ilya Bryzgalov enters game.
18:44 of 2nd period - Derek Roy wins face-off versus Mike Comrie in neutral zone.
19:12 of 2nd period - Minor Penalty to Bryan Little for Holding.
19:13 of 2nd period - Mike Comrie wins face-off versus Derek Roy in Avalanche zone.
19:20 of 2nd period - Minor Penalty to Andrei Markov for Hooking.
19:21 of 2nd period - Derek Roy wins face-off versus Jason Pominville in Jets zone.
19:26 of 2nd period - Wrist shot by Benoit Pouliot.
19:26 of 2nd period - Stopped by Semyon Varlamov with a rebound.
19:28 of 2nd period - Slapshot by Anton Volchenkov.
19:28 of 2nd period - Stopped by Semyon Varlamov without a rebound.
19:29 of 2nd period - Derek Roy wins face-off versus Jason Pominville in Avalanche zone.
19:44 of 2nd period - Snap shot by Benoit Pouliot.
19:44 of 2nd period - Stopped by Semyon Varlamov without a rebound.
19:45 of 2nd period - Derek Roy wins face-off versus Jason Pominville in Avalanche zone.
Goals for this period are 3 for Avalanche vs 2 for Jets.
Shots for this period are 11 for Avalanche vs 15 for Jets.

3rd period


0:01 of 3rd period - Jason Pominville wins face-off versus Derek Roy in neutral zone.
1:12 of 3rd period - Penalty to Bryan Little is over, Bryan Little is back on ice.
1:20 of 3rd period - Penalty to Andrei Markov is over, Andrei Markov is back on ice.
1:35 of 3rd period - Snap shot by Jarome Iginla.
1:35 of 3rd period - Shot Misses the Net.
1:55 of 3rd period - Slapshot by Eric Fehr.
1:55 of 3rd period - Stopped by Semyon Varlamov with a rebound.
2:26 of 3rd period - Snap shot by Andrei Markov.
2:26 of 3rd period - Stopped by Semyon Varlamov with a rebound.
2:38 of 3rd period - Wrist shot by Eric Fehr.
2:38 of 3rd period - Stopped by Semyon Varlamov with a rebound.
2:48 of 3rd period - Snap shot by Bryan Little.
2:48 of 3rd period - Shot Blocked by Jarome Iginla.
2:50 of 3rd period - Slapshot by Bryan Little.
2:50 of 3rd period - Shot Misses the Net.
2:52 of 3rd period - Snap shot by Brandon Yip.
2:52 of 3rd period - Shot Hit the Post.
2:54 of 3rd period - Slapshot by Pernell Karl Subban.
2:54 of 3rd period - Stopped by Ilya Bryzgalov without a rebound.
2:55 of 3rd period - Mike Comrie wins face-off versus Derek Roy in Jets zone.
3:06 of 3rd period - Slapshot by Mike Comrie.
3:06 of 3rd period - Stopped by Ilya Bryzgalov with a rebound.
3:22 of 3rd period - Tomas Kopecky is hit by Marc Staal and loses puck.
3:27 of 3rd period - Snap shot by Andrew Ladd.
3:27 of 3rd period - Shot Blocked by Dmitri Kalinin.
3:29 of 3rd period - Snap shot by Andrew Ladd.
3:29 of 3rd period - Shot Blocked by Dmitri Kalinin.
3:31 of 3rd period - Wrist shot by Chuck Kobasew.
3:31 of 3rd period - Shot Blocked by Tomas Kopecky.
3:33 of 3rd period - Slapshot by Marc Staal.
3:33 of 3rd period - Stopped by Ilya Bryzgalov without a rebound.
3:34 of 3rd period - Mike Comrie wins face-off versus Derek Roy in Jets zone.
3:41 of 3rd period - Corey Perry is hit by Dustin Brown and loses puck.
4:37 of 3rd period - Jussi Jokinen is hit by Ryan Smyth.
4:47 of 3rd period - Andrew Ladd is hit by Fredrik Sjostrom and loses puck.
5:04 of 3rd period - Shane O'Brien is hit by Jarome Iginla and loses puck.
5:31 of 3rd period - Jason Pominville is hit by Jarome Iginla and loses puck.
5:32 of 3rd period - Jason Pominville from Avalanche is injured at 5:32 of 3rd period (Left Leg).
5:33 of 3rd period - Mikko Koivu wins face-off versus Bryan Little in Avalanche zone.
5:38 of 3rd period - Wrist shot by Jarome Iginla.
5:38 of 3rd period - Shot Misses the Net.
5:40 of 3rd period - Wrist shot by Jussi Jokinen.
5:40 of 3rd period - Shot Blocked by Shane O'Brien.
5:42 of 3rd period - Snap shot by Mikko Koivu.
5:42 of 3rd period - Stopped by Semyon Varlamov without a rebound.
5:43 of 3rd period - Bryan Little wins face-off versus Jussi Jokinen in Avalanche zone.
6:01 of 3rd period - Snap shot by Mikkel Boedker.
6:01 of 3rd period - Stopped by Ilya Bryzgalov with a rebound.
6:08 of 3rd period - Major / Game Misconduct Penalty to Mikkel Boedker for Unsportsmanlike conduct.
6:08 of 3rd period - Mikkel Boedker is ejected from game.
6:09 of 3rd period - Derek Roy wins face-off versus Mike Comrie in Avalanche zone.
6:36 of 3rd period - Andrew Ladd is hit by Dmitri Kalinin and loses puck.
8:21 of 3rd period - Jack Johnson is hit by Chris Phillips and loses puck.
8:26 of 3rd period - Wrist shot by Tomas Kopecky.
8:26 of 3rd period - Shot Misses the Net.
9:06 of 3rd period - Bryan Little is hit by Andrei Markov and loses puck.
11:08 of 3rd period - Penalty to Mikkel Boedker is over, Brandon Yip is send on ice.
11:21 of 3rd period - Brandon Yip is hit by Chris Phillips and loses puck.
11:53 of 3rd period - Icing by Ryan Smyth.
11:54 of 3rd period - Bryan Little wins face-off versus Blair Betts in Avalanche zone.
13:39 of 3rd period - Minor Penalty to Michal Handzus for Interference.
13:40 of 3rd period - Derek Roy wins face-off versus Mike Comrie in Avalanche zone.
13:51 of 3rd period - Snap shot by Benoit Pouliot.
13:51 of 3rd period - Stopped by Semyon Varlamov with a rebound.
14:07 of 3rd period - Chris Phillips is hit by Bryan Little and loses puck.
15:39 of 3rd period - Penalty to Michal Handzus is over, Michal Handzus is back on ice.
15:58 of 3rd period - Andrew Ladd is hit by Dmitri Kalinin and loses puck.
16:03 of 3rd period - Backhand shot by Eric Fehr.
16:03 of 3rd period - Shot Misses the Net.
16:23 of 3rd period - Minor Penalty to Max Pacioretty for Hooking.
16:24 of 3rd period - Benoit Pouliot wins face-off versus Mike Comrie in Avalanche zone.
16:33 of 3rd period - Snap shot by Benoit Pouliot.
16:33 of 3rd period - Shot Misses the Net.
16:35 of 3rd period - Snap shot by Benoit Pouliot.
16:35 of 3rd period - Goal by Benoit Pouliot - Avalanche : 4 - Jets : 3.
16:36 of 3rd period - Darroll Powe wins face-off versus Ryan Getzlaf in neutral zone.
17:06 of 3rd period - Jack Johnson is hit by Derek Roy and loses puck.
17:59 of 3rd period - Snap shot by Darroll Powe.
17:59 of 3rd period - Goal by Darroll Powe - Avalanche : 4 - Jets : 4.
18:00 of 3rd period - Ryan Getzlaf wins face-off versus Darroll Powe in neutral zone.
18:03 of 3rd period - Slapshot by Chuck Kobasew.
18:03 of 3rd period - Stopped by Ilya Bryzgalov with a rebound.
18:05 of 3rd period - Slapshot by Marc Staal.
18:05 of 3rd period - Stopped by Ilya Bryzgalov without a rebound.
18:06 of 3rd period - Ryan Getzlaf wins face-off versus Fredrik Sjostrom in Jets zone.
18:07 of 3rd period - Slapshot by Marc Staal.
18:07 of 3rd period - Shot Misses the Net.
18:09 of 3rd period - Wrist shot by Ryan Getzlaf.
18:09 of 3rd period - Stopped by Ilya Bryzgalov without a rebound.
18:10 of 3rd period - Darroll Powe wins face-off versus Ryan Getzlaf in Jets zone.
18:10 of 3rd period - Darroll Powe is hit by Andrew Ladd.
19:13 of 3rd period - Snap shot by Ryan Getzlaf.
19:13 of 3rd period - Stopped by Ilya Bryzgalov with a rebound.
19:15 of 3rd period - Slapshot by Marc Staal.
19:15 of 3rd period - Shot Misses the Net.
19:17 of 3rd period - Slapshot by Ryan Getzlaf.
19:17 of 3rd period - Goal by Ryan Getzlaf - Avalanche : 5 - Jets : 4.
19:18 of 3rd period - Mike Comrie wins face-off versus Derek Roy in neutral zone.
19:23 of 3rd period - Snap shot by Bryan Little.
19:23 of 3rd period - Stopped by Ilya Bryzgalov without a rebound.
19:24 of 3rd period - Marc Crawford call a timeout for Jets.
19:24 of 3rd period - Brandon Yip wins face-off versus Derek Roy in Jets zone.
19:29 of 3rd period - Wrist shot by Mike Comrie.
19:29 of 3rd period - Shot Misses the Net.
19:31 of 3rd period - Snap shot by Marc Staal.
19:31 of 3rd period - Stopped by Ilya Bryzgalov without a rebound.
19:32 of 3rd period - Mike Comrie wins face-off versus Derek Roy in Jets zone.
19:57 of 3rd period - Jets, Ilya Bryzgalov is pulled from the net.
19:57 of 3rd period - Snap shot by Benoit Pouliot.
19:57 of 3rd period - Shot Misses the Net.
Goals for this period are 1 for Avalanche vs 2 for Jets.
Shots for this period are 11 for Avalanche vs 7 for Jets.


Output by the SimonT Hockey Simulator (STHS) for François Prévost -- Original Page W3C XHTML 1.0 Valid
Hockey Simulator - Hockey Simulation - Hockey Manager